General information
- name: BNet
- type: Ladder team game (AT/RT)
- host: Battle.net
- saver: BRUCEWILLISUSA
map: FullScaleAssault
- players: 8
- length: 07:40
- speed: Fast
- version: 1.24 W3XP
- replay type: Public
» download(40 KB)
Players
team 1 (loser)
IlllIIllIllIIlI (
purple | 624 APM | 4767 actions | 07:38)
1 Death Knight
1 Death Coil
» actions
| Build / train | 26 | |
| ESC pressed | 1 | |
| Enter build submenu | 7 | |
| Enter hero's abilities submenu | 1 | |
| Right click | 85 | |
| Select / deselect | 123 | |
| Use ability | 4524 | |
4767 total
» units
| Acolyte | 3 | |
| Ghoul | 1 | |
| Crypt Fiend | 8 | |
| Grunt | 1 | |
| Troll Headhunter/Berserker | 2 | |
15 total
» upgrades
| Creature Attack | 2 | |
| Ranged Weapons | 1 | |
| Armor | 1 | |
4 total
» buildings
| Crypt | 1 | |
| Graveyard | 1 | |
| Ziggurat | 4502 | |
| Altar of Darkness | 1 | |
| Tomb of Relics | 1 | |
| Halls of the Dead | 2 | |
| Orc Burrow | 1 | |
| Stronghold | 1 | |
| Fortress | 1 | |
4511 total
» build order
00:37 Crypt
00:41 Graveyard
00:52 Ziggurat
01:00 Altar of Darkness
01:12 Tomb of Relics
02:07 Ziggurat
03:41 Ziggurat
03:42 Ziggurat
03:44 Ziggurat
03:45 Ziggurat
03:45 Ziggurat
03:50 Ziggurat
03:51 Ziggurat
03:51 Ziggurat
03:55 Ziggurat
03:56 Ziggurat
03:59 Ziggurat
03:59 Ziggurat
03:59 Ziggurat
04:06 Ziggurat
04:06 Ziggurat
04:06 Ziggurat
04:09 Ziggurat
04:09 Ziggurat
04:12 Ziggurat
04:12 Ziggurat
04:13 Ziggurat
04:16 Ziggurat
04:16 Ziggurat
04:16 Ziggurat
04:17 Ziggurat
04:17 Ziggurat
05:05 Halls of the Dead
05:20 Orc Burrow
05:47 Stronghold
06:04 Fortress
06:08 Halls of the Dead
» items

»
3.14-Odd.44_NRD (
green | 34 APM | 113 actions | 03:19)
1 Death Knight
1 Death Coil
» actions
| Assign group hotkey | 4 | |
| Build / train | 10 | |
| Enter build submenu | 6 | |
| Enter hero's abilities submenu | 1 | |
| Right click | 43 | |
| Select / deselect | 36 | |
| Select group hotkey | 6 | |
| Use ability | 7 | |
113 total
» units
| Acolyte | 3 | |
| Ghoul | 1 | |
| Crypt Fiend | 3 | |
7 total
» buildings
| Crypt | 1 | |
| Graveyard | 1 | |
| Altar of Darkness | 1 | |
| Ziggurat | 2 | |
| Tomb of Relics | 1 | |
6 total
» build order
00:12 Crypt
00:18 Graveyard
00:48 Altar of Darkness
00:55 Ziggurat
01:37 Tomb of Relics
01:58 Ziggurat
» items

»
StranGeST (
teal | 50 APM | 166 actions | 03:18)
1 Tauren Chieftain
1 Endurance Aura
» actions
| Assign group hotkey | 3 | |
| Build / train | 12 | |
| Enter build submenu | 7 | |
| Enter hero's abilities submenu | 1 | |
| Right click | 97 | |
| Select / deselect | 26 | |
| Select group hotkey | 13 | |
| Use ability | 7 | |
166 total
» units
| Peon | 8 | |
| Troll Headhunter/Berserker | 2 | |
10 total
» buildings
| Altar of Storms | 1 | |
| Orc Burrow | 2 | |
| War Mill | 1 | |
| Barracks | 2 | |
| Voodoo Lounge | 1 | |
7 total
» build order
00:12 Altar of Storms
00:18 Orc Burrow
00:48 War Mill
01:37 Barracks
01:53 Orc Burrow
02:14 Barracks
02:29 Voodoo Lounge

»
the_peazant (
orange | 27 APM | 90 actions | 03:20)
1 Blademaster
1 Wind Walk
» actions
| Assign group hotkey | 2 | |
| Build / train | 18 | |
| Enter build submenu | 5 | |
| Enter hero's abilities submenu | 1 | |
| Right click | 23 | |
| Select / deselect | 26 | |
| Select group hotkey | 6 | |
| Use ability | 9 | |
90 total
» units
» buildings
| Altar of Storms | 1 | |
| Orc Burrow | 1 | |
| Voodoo Lounge | 1 | |
| Stronghold | 1 | |
| War Mill | 1 | |
5 total
» build order
00:04 Altar of Storms
00:06 Orc Burrow
00:56 Voodoo Lounge
02:45 Stronghold
03:05 War Mill
» items
| Healing Salve | 2 | |
| Lesser Clarity Potion | 2 | |
| Scroll of Speed | 1 | |
5 total
team 2 (winner)

»
knightsofNI (
yellow | 27 APM | 90 actions | 03:19)
» actions
| Build / train | 11 | |
| Enter build submenu | 9 | |
| Right click | 19 | |
| Select / deselect | 40 | |
| Use ability | 11 | |
90 total
» units
» buildings
| Farm | 5 | |
| Altar of Kings | 1 | |
| Blacksmith | 1 | |
| Barracks | 2 | |
9 total
» build order
00:17 Farm
00:22 Farm
01:00 Farm
01:21 Altar of Kings
01:23 Blacksmith
01:40 Barracks
01:53 Barracks
02:23 Farm
03:04 Farm

»
Wanganator (
blue | 37 APM | 122 actions | 03:20)
1 Archmage
1 Blizzard
» actions
| Assign group hotkey | 1 | |
| Basic commands | 4 | |
| Build / train | 13 | |
| Enter build submenu | 8 | |
| Enter hero's abilities submenu | 1 | |
| Right click | 27 | |
| Select / deselect | 43 | |
| Select group hotkey | 14 | |
| Use ability | 11 | |
122 total
» units
» buildings
| Altar of Kings | 1 | |
| Farm | 3 | |
| Barracks | 1 | |
| Lumber Mill | 2 | |
| Arcane Vault | 1 | |
8 total
» build order
00:07 Altar of Kings
00:09 Farm
00:51 Farm
01:30 Farm
02:11 Barracks
02:50 Lumber Mill
03:00 Lumber Mill
03:15 Arcane Vault

»
BRUCEWILLISUSA (
red | 1359 APM | 10432 actions | 07:40)
1 Blademaster
1 Wind Walk
1 Keeper of the Grove
1 Entangling Roots
1 Archmage
1 Brilliance Aura
» actions
| Assign group hotkey | 16 | |
| Basic commands | 10 | |
| Build / train | 44 | |
| Enter build submenu | 29 | |
| Enter hero's abilities submenu | 4 | |
| Right click | 111 | |
| Select / deselect | 114 | |
| Select group hotkey | 67 | |
| Use ability | 10037 | |
10432 total
» units
| Peon | 11 | |
| Rifleman | 4 | |
| Grunt | 5 | |
| Footman | 4 | |
| Huntress | 3 | |
| Wisp | 3 | |
30 total
» buildings
| Altar of Storms | 1 | |
| Orc Burrow | 9505 | |
| Barracks | 2 | |
| Farm | 511 | |
| Moon Well | 5 | |
| Ancient of War | 1 | |
| Stronghold | 1 | |
| War Mill | 1 | |
| Tree of Ages | 2 | |
| Keep | 4 | |
| Blacksmith | 1 | |
| Fortress | 1 | |
| Spirit Lodge | 2 | |
10037 total
» build order
00:14 Altar of Storms
00:18 Orc Burrow
00:42 Barracks
01:41 Farm
01:42 Farm
01:42 Orc Burrow
01:43 Orc Burrow
01:43 Orc Burrow
01:43 Orc Burrow
01:43 Orc Burrow
01:44 Orc Burrow
01:44 Orc Burrow
01:45 Orc Burrow
01:45 Orc Burrow
01:45 Orc Burrow
01:46 Orc Burrow
01:46 Orc Burrow
01:46 Orc Burrow
01:47 Orc Burrow
01:47 Orc Burrow
01:47 Orc Burrow
01:48 Orc Burrow
01:48 Orc Burrow
01:49 Orc Burrow
01:49 Orc Burrow
01:49 Orc Burrow
01:50 Orc Burrow
01:50 Orc Burrow
01:51 Orc Burrow
01:51 Orc Burrow
01:51 Orc Burrow
01:52 Orc Burrow
01:52 Orc Burrow
01:52 Orc Burrow
01:53 Orc Burrow
01:53 Orc Burrow
01:53 Orc Burrow
01:54 Orc Burrow
01:54 Orc Burrow
01:55 Orc Burrow
01:55 Orc Burrow
01:55 Orc Burrow
01:56 Orc Burrow
01:56 Orc Burrow
01:56 Orc Burrow
01:57 Orc Burrow
01:57 Orc Burrow
01:57 Orc Burrow
01:58 Orc Burrow
01:58 Orc Burrow
01:58 Orc Burrow
01:59 Orc Burrow
01:59 Orc Burrow
01:59 Orc Burrow
02:00 Orc Burrow
02:00 Orc Burrow
02:01 Orc Burrow
02:01 Orc Burrow
02:01 Orc Burrow
02:02 Orc Burrow
02:02 Orc Burrow
02:02 Orc Burrow
02:03 Orc Burrow
02:03 Orc Burrow
02:03 Orc Burrow
02:04 Orc Burrow
02:04 Orc Burrow
02:04 Orc Burrow
02:05 Orc Burrow
02:05 Orc Burrow
02:06 Orc Burrow
02:06 Orc Burrow
02:06 Orc Burrow
02:07 Orc Burrow
02:07 Orc Burrow
02:07 Orc Burrow
02:08 Orc Burrow
02:08 Orc Burrow
02:08 Orc Burrow
02:09 Orc Burrow
02:09 Orc Burrow
02:09 Orc Burrow
02:10 Orc Burrow
02:10 Orc Burrow
02:11 Orc Burrow
02:11 Orc Burrow
02:11 Orc Burrow
02:11 Orc Burrow
02:12 Orc Burrow
02:12 Orc Burrow
02:12 Orc Burrow
02:13 Orc Burrow
02:13 Orc Burrow
02:14 Orc Burrow
02:14 Orc Burrow
02:14 Orc Burrow
02:15 Orc Burrow
02:15 Orc Burrow
02:15 Orc Burrow
02:16 Orc Burrow
02:16 Orc Burrow
02:16 Orc Burrow
02:17 Orc Burrow
02:17 Orc Burrow
02:18 Orc Burrow
02:18 Orc Burrow
02:18 Orc Burrow
02:19 Orc Burrow
02:19 Orc Burrow
02:19 Orc Burrow
02:20 Orc Burrow
02:20 Orc Burrow
02:21 Orc Burrow
02:21 Orc Burrow
02:21 Orc Burrow
02:22 Orc Burrow
02:22 Orc Burrow
02:22 Orc Burrow
02:23 Orc Burrow
02:23 Orc Burrow
02:24 Orc Burrow
02:24 Orc Burrow
02:24 Orc Burrow
02:25 Orc Burrow
02:25 Orc Burrow
02:25 Orc Burrow
02:26 Orc Burrow
02:26 Orc Burrow
02:26 Orc Burrow
02:27 Orc Burrow
02:27 Orc Burrow
02:27 Orc Burrow
02:28 Orc Burrow
02:28 Orc Burrow
02:29 Orc Burrow
02:29 Orc Burrow
02:29 Orc Burrow
02:29 Orc Burrow
02:30 Orc Burrow
02:30 Orc Burrow
02:31 Orc Burrow
02:31 Orc Burrow
02:31 Orc Burrow
02:32 Orc Burrow
02:32 Orc Burrow
02:32 Orc Burrow
02:33 Orc Burrow
02:33 Orc Burrow
02:33 Orc Burrow
02:34 Orc Burrow
02:34 Orc Burrow
02:34 Orc Burrow
02:35 Orc Burrow
02:35 Orc Burrow
02:36 Orc Burrow
02:36 Orc Burrow
02:36 Orc Burrow
02:37 Orc Burrow
02:37 Orc Burrow
02:37 Orc Burrow
02:38 Orc Burrow
02:38 Orc Burrow
02:38 Orc Burrow
02:39 Orc Burrow
02:39 Orc Burrow
02:39 Orc Burrow
02:40 Orc Burrow
02:40 Orc Burrow
02:40 Orc Burrow
02:41 Orc Burrow
02:41 Orc Burrow
02:41 Orc Burrow
02:42 Orc Burrow
02:42 Orc Burrow
02:43 Orc Burrow
02:43 Orc Burrow
02:43 Orc Burrow
02:44 Orc Burrow
02:44 Orc Burrow
02:44 Orc Burrow
02:45 Orc Burrow
02:45 Orc Burrow
02:46 Orc Burrow
02:46 Orc Burrow
02:46 Orc Burrow
02:46 Orc Burrow
02:47 Orc Burrow
02:47 Orc Burrow
02:48 Orc Burrow
02:48 Orc Burrow
02:49 Orc Burrow
02:49 Orc Burrow
02:49 Orc Burrow
02:50 Orc Burrow
02:50 Orc Burrow
02:50 Orc Burrow
02:51 Orc Burrow
02:51 Orc Burrow
02:51 Orc Burrow
02:52 Orc Burrow
02:52 Orc Burrow
02:52 Orc Burrow
02:53 Orc Burrow
02:53 Orc Burrow
02:53 Orc Burrow
02:54 Orc Burrow
02:54 Orc Burrow
02:55 Orc Burrow
02:55 Orc Burrow
02:55 Orc Burrow
02:56 Orc Burrow
02:56 Orc Burrow
02:56 Orc Burrow
02:57 Orc Burrow
02:57 Orc Burrow
02:57 Orc Burrow
02:58 Orc Burrow
02:58 Orc Burrow
02:58 Orc Burrow
02:59 Orc Burrow
02:59 Orc Burrow
03:00 Orc Burrow
03:00 Orc Burrow
03:00 Orc Burrow
03:01 Orc Burrow
03:01 Orc Burrow
03:01 Orc Burrow
03:02 Orc Burrow
03:02 Orc Burrow
03:02 Orc Burrow
03:03 Orc Burrow
03:03 Orc Burrow
03:03 Orc Burrow
03:04 Orc Burrow
03:04 Orc Burrow
03:05 Orc Burrow
03:05 Orc Burrow
03:05 Orc Burrow
03:06 Orc Burrow
03:06 Orc Burrow
03:06 Orc Burrow
03:25 Orc Burrow
03:25 Orc Burrow
03:50 Moon Well
03:51 Moon Well
03:53 Ancient of War
03:57 Orc Burrow
03:59 Stronghold
04:03 Moon Well
04:08 Farm
04:08 Farm
04:09 Farm
05:05 Orc Burrow
05:07 War Mill
05:52 Moon Well
05:53 Moon Well
05:54 Tree of Ages
05:55 Tree of Ages
06:00 Keep
06:02 Farm
06:02 Farm
06:02 Farm
06:04 Barracks
06:05 Blacksmith
06:14 Farm
06:14 Farm
06:15 Farm
06:15 Farm
06:15 Farm
06:26 Fortress
06:39 Keep
06:53 Spirit Lodge
06:53 Spirit Lodge

»
MasterTits (
pink | 17 APM | 56 actions | 03:20)
» actions
| Build / train | 10 | |
| Enter build submenu | 4 | |
| Enter hero's abilities submenu | 1 | |
| Right click | 10 | |
| Select / deselect | 27 | |
| Use ability | 4 | |
56 total
» units
» buildings
| Altar of Elders | 1 | |
| Moon Well | 1 | |
| Ancient of War | 1 | |
| Hunter's Hall | 1 | |
4 total
» build order
00:25 Altar of Elders
00:56 Moon Well
01:14 Ancient of War
02:23 Hunter's Hall
Chat log
(00:01 / All) BRUCEWILLISUSA: lo
(00:03 / All) BRUCEWILLISUSA: l
(00:20 / All) IlllIIllIllIIlI: agreeded lol
(00:30 / Allies) BRUCEWILLISUSA: everyone rush
(00:32 / Allies) BRUCEWILLISUSA: mass tier 1
(00:36 / Allies) knightsofNI: rifles then
(00:41 / Allies) Wanganator: foots i guess
(00:47 / Allies) Wanganator: this isnt really the rush map
(00:52 / Allies) BRUCEWILLISUSA: yeah but
(00:53 / Allies) knightsofNI: it's good if you MASS t1
(00:54 / Allies) BRUCEWILLISUSA: youre gonna wanna rush
(00:55 / Allies) BRUCEWILLISUSA: trust me
(01:01 / Allies) Wanganator: aites
(01:02 / Allies) knightsofNI: tk'er?
(01:04 / Allies) Wanganator: am then
(01:09 / Allies) BRUCEWILLISUSA: the barcode guy
(01:16 / Allies) BRUCEWILLISUSA: is gonna pull a dirty trick
(01:25 / Allies) Wanganator: lol what
(02:18 / Allies) knightsofNI: ranger
(03:15 / All) BRUCEWILLISUSA: xD
(07:33 / All) IlllIIllIllIIlI: Ehhh gg
(07:35 / All) BRUCEWILLISUSA: gg